 Dungeon Crawl Stone Soup version 0.30-a0-575-g6f4a10e2d2 (webtiles) character file.

Game seed: 14891861416459365965

37873 Conn the Destroyer (level 13, -11/73 HPs)
             Began as an Octopode Fire Elementalist on Dec 30, 2022.
             Was a High Priest of Sif Muna.
             Mangled by a two-headed ogre
             ... wielding a +0 giant club
              (15 damage)
             ... while paralysed by an ogre mage
             ... on level 2 of the Orcish Mines.
             The game lasted 01:07:10 (14927 turns).

Conn the Destroyer (Octopode Fire Elementalist)    Turns: 14927, Time: 01:07:11

Health: -11/73     AC:  3    Str: 14    XL:     13   Next: 99%
Magic:  17/28      EV:  2    Int: 27    God:    Sif Muna [*****.]
Gold:   2112       SH:  0    Dex: 12    Spells: 10/35 levels left

rFire   . . .      SeeInvis +    a - staff of conjuration
rCold   . . .      Faith    +    H - +2 buckler
rNeg    + + .      Spirit   .    v - +0 hat {Stlth+}
rPois   .          Reflect  .    w - amulet of faith
rElec   +          Harm     .    j - +6 ring of intelligence
rCorr   .          Rampage  .    A - +5 ring of evasion
Will    .....                    O - ring "Moungelill" {Drain rElec rN+ Str+3 SInv}
Stlth   +++++                    N - ring of positive energy
HPRegen 0.32/turn                (no ring)
MPRegen 0.21/turn                (no ring)
                                 (no ring)
                                 (no ring)

@: paralysed
A: almost no armour, amphibious, 8 rings, camouflage 1, gelatinous body 1,
(nimble swimmer 1), tentacles, iridescent scales 1, sense surroundings 1, strong
1
a: Renounce Religion, Channel Magic, Forget Spell, Divine Exegesis


You were on level 2 of the Orcish Mines.
You worshipped Sif Muna.
Sif Muna was extremely pleased with you.
You visited 3 branches of the dungeon, and saw 15 of its levels.
You also visited: Bailey.

You collected 2280 gold pieces.
You spent 168 gold pieces at shops.

Inventory:

Hand Weapons
 b - the +5 Lochaber axe {reach-cleave, poleaxe, Drain}
   (You took it off a gnoll bouda in a bailey)

   It can be evoked to extend its reach, and strikes at all foes within reach,
   dealing less damage to those not targeted.
   It uses either Axes or Polearms skill, whichever is higher.
   Drain:     It drains your maximum health when unequipped.
 z - a +0 short sword of venom
 G - a +0 rapier of flaming
Missiles
 s - 40 poisoned darts
 u - 8 throwing nets
 L - a curare-tipped dart
Armour
 v - a +0 hat of stealth (worn)
 H - a +2 buckler (worn)
Magical Staves
 a - a staff of conjuration (weapon)
Jewellery
 j - a +6 ring of intelligence (left tentacle)
 w - an amulet of faith (around mantle)
 A - a +5 ring of evasion (right tentacle)
 N - a ring of positive energy (on tentacle)
 O - the ring "Moungelill" (on tentacle) {Drain rElec rN+ Str+3 SInv}
   (You found it on level 8 of the Dungeon)

   [ring of see invisible]

   Str:       It affects your strength (+3).
   rElec:     It insulates you from electricity.
   rN:        It protects you from negative energy.
   SInv:      It lets you see invisible.
   Drain:     It drains your maximum health when unequipped.
Wands
 l - a wand of light (15)
 y - a wand of iceblast (29)
 B - a wand of polymorph (12)
 F - a wand of digging (3)
 J - a wand of flame (17)
 M - a wand of mindburst (18)
 Q - a wand of paralysis (2)
Scrolls
 e - a scroll of immolation
 g - 7 scrolls of identify
 h - 3 scrolls of fear
 k - 4 scrolls of enchant weapon
 m - 6 scrolls of teleportation
 n - a scroll of poison
 p - a scroll of fog
 r - a scroll of brand weapon
 P - a scroll of magic mapping
Potions
 c - a potion of berserk rage
 d - 6 potions of curing
 f - 2 potions of heal wounds
 i - a potion of flight
 o - 3 potions of haste
 q - 2 potions of attraction
 t - a potion of ambrosia
 x - 2 potions of might
 C - a potion of magic
 D - a potion of cancellation
 I - a potion of brilliance
 K - 2 potions of mutation


   Skills:
 + Level 1.3 Fighting
 + Level 2.6 Short Blades
 + Level 0.8(0.9) Polearms
 + Level 0.1(0.4) Staves
 + Level 5.9 Dodging
 + Level 5.4 Stealth
 * Level 4.3 Shields
 + Level 11.5 Spellcasting
 + Level 14.8 Conjurations
 + Level 2.2 Hexes
 + Level 4.4 Translocations
 + Level 9.9 Fire Magic
 + Level 4.5 Air Magic
 * Level 4.7 Invocations


You had 10 spell levels left.
You knew the following spells:

 Your Spells              Type           Power      Damage    Failure   Level
a - Foxfire               Conj/Fire      100%       2x1d9     1%          1
b - Kindle Blastsparks    Fire/Tloc/Air  98%        2d18      1%          3
c - Inner Flame           Hex/Fire       48%        N/A       1%          3
d - Flame Wave            Conj/Fire      89%        2d19      1%          4
e - Scorch                Fire           100%       2d10      1%          2
f - Blink                 Tloc           78%        N/A       1%          2
g - Iskenderun's Mystic   Conj/Tloc      79%        2d16      1%          4
h - Starburst             Conj/Fire      44%        6d12      4%          6

Your spell library contained the following spells:

 Spells                   Type           Power      Damage    Failure   Level
 Dazzling Flash           Conj/Hex       100%       N/A       1%          3
 Manifold Assault         Tloc           39%        N/A       8%          4
 Silence                  Hex/Air        16%        N/A       32%         5
 Agony                    Necr           15%        N/A       78%         5
 Storm Form               Tmut/Air       13%        N/A       100%        7


Dungeon Overview and Level Annotations

Branches:
Dungeon (12/15)            Temple (1/1) D:7            Lair (0/5) D:8
    Orc (2/2) D:9             Elf (0/3) Orc:2        Bailey (visited)

Altars:
Ashenzari
Dithmenos
Elyvilon
Fedhas
Gozag
Nemelex Xobeh
Okawaru
Ru
Sif Muna
Trog
Uskayaw
Vehumet
Wu Jian
Xom
Zin

Shops:
D:4 *   D:5 (   D:8 *

Portals:
Ice
Cave: D:11

Annotations:
D:4 Eustachio


Innate Abilities, Weirdness & Mutations

You cannot wear most types of armour.
You are amphibious.
You can wear up to eight rings at the same time.
Your skin changes colour to match your surroundings (Stealth+).
Your rubbery body absorbs attacks. (AC +1, EV +1)
((You are camouflaged when in or above water. (Stealth+)))
You have tentacles for arms and can constrict up to eight enemies at once.
You are partially covered in iridescent scales. (AC +2)
You passively map a small area around you.
Your muscles are strong. (Str +4, Int/Dex -1)


Message History

Flames lash the two-headed ogre.
Flame seeps out of the two-headed ogre.
The two-headed ogre is moderately wounded.
The two-headed ogre's fire resistance burns away.
The two-headed ogre is engulfed in blazing flames.
Sif Muna accepts your kill.
The two-headed ogre explodes!
An orc warrior comes into view. It is wielding a +0 war axe.
The orc knight roars a battlecry!
The orcs go into a battle-frenzy!
The two-headed ogre is engulfed in blazing flames.
Flame seeps out of the two-headed ogre.
You hear two shouts!
Casting: Scorch (safe; 1% risk of failure)
Confirm with . or Enter, or press ? or * to list all spells.
Okay, then.
Unknown command.
Unknown command.
Unknown command.
Casting: Scorch (safe; 1% risk of failure)
Confirm with . or Enter, or press ? or * to list all spells.
You blink.
An orc comes into view. It is wielding a +0 dagger.
You are engulfed in blazing flames.
* * * LOW HITPOINT WARNING * * *
Blink to where?
Press: ? - help, Dir - move target
As you read the scroll of blinking, it crumbles to dust.
You feel stable enough to blink again.
The ogre mage is engulfed in blazing flames.
The ogre mage is engulfed in blazing flames.
The ogre mage points at you and mumbles some strange words.
You suddenly lose the ability to move!
The two-headed ogre is no longer more vulnerable to fire.
The ogre mage is engulfed in blazing flames.
The ogre mage points at you and mumbles some strange words.
You shrug off the repeated paralysis!
The two-headed ogre hits you with a +0 giant club!
* * * LOW HITPOINT WARNING * * *
The two-headed ogre hits you with a +0 giant spiked club!
You die...

,, * , ,, * , , # ,, *
.# ,, ** * .. ,##
##.#.## * ,
..##.#.##......#
.......@........ **
#.##.#.O........# * , *
#####........#.##
##.##............#
#..§..).....#....#
#...O.☼o.O....#.###
##....)☼).§§....##.##
#......§.§§§........###
##.##..)).)............


You could see an orc knight, a two-headed ogre (fast, inner flame) and an ogre
mage (invisible).

Vanquished Creatures
  Gastronok (Orc:1)
  Erica (Orc:1)
  Erolcha (Orc:2)
  11 two-headed ogres
  An ogre mage (Orc:2)
  A centaur warrior (D:11)
  Amaemon (D:8)
  An orc knight (Orc:1)
  A cyclops (Orc:1)
  2 orc sorcerers
  Maurice (D:8)
  An elephant (D:8)
  An orange demon (D:8)
  A gargoyle (D:10)
  2 kobold demonologists
  Psyche (D:8)
  2 polar bears (D:10)
  A shadow (D:10)
  3 wraiths
  A vampire (D:9)
  11 yaks (D:10)
  5 wyverns
  2 basilisks
  Grum (Bailey)
  3 steam dragons
  2 wargs
  An acid dragon (D:9)
  Duvessa (D:7)
  Menkaure (D:7)
  9 orc warriors
  2 water moccasins
  A sky beast (D:7)
  3 black bears
  10 ogres
  4 wolves (Bailey)
  A centaur (D:10)
  A phantom (D:5)
  4 kobold brigands
  2 bullfrogs
  7 gnoll sergeants
  3 two-headed ogre simulacra (D:11)
  4 wights (D:7)
  Dowan (D:7)
  6 howler monkeys
  2 jellies (D:5)
  5 hounds
  6 gnoll boudas
  15 orc priests
  5 iguanas
  16 orc wizards
  A spriggan simulacrum (D:11)
  2 troll simulacra (D:11)
  5 adders
  22 gnolls
  A worm (D:2)
  4 dart slugs
  67 orcs
  6 bats
  7 endoplasms
  2 giant cockroaches
  11 goblins
  6 hobgoblins
  4 jackals (D:3)
  10 quokkas
  2 training dummies (D:5)
  5 ball pythons
  2 frilled lizards
  17 kobolds
  6 rats
349 creatures vanquished.

Vanquished Creatures (collateral kills)
  A foxfire (D:10)
1 creature vanquished.

Vanquished Creatures (others)
  An orc wizard (Orc:1)
  An orc (Orc:1)
  886 foxfires
  A fungus (D:8)
889 creatures vanquished.

Grand Total: 1239 creatures vanquished

Notes
Turn   | Place    | Note
-------+----------+-------------------------------------------
     0 | D:1      | Conn the Octopode Fire Elementalist began the quest for the
                  | Orb.
     0 | D:1      | Reached XP level 1. HP: 11/11 MP: 3/3
   313 | D:1      | Reached XP level 2. HP: 17/17 MP: 0/5
  1089 | D:2      | Reached XP level 3. HP: 21/21 MP: 6/6
  1092 | D:2      | Learned a level 2 spell: Scorch
  1518 | D:2      | Found an ornate altar of the Wu Jian Council.
  1546 | D:2      | Reached XP level 4. HP: 24/27 MP: 7/7
  1806 | D:2      | Learned a level 3 spell: Kindle Blastsparks
  2048 | D:3      | Reached skill level 1 in Short Blades
  2289 | D:3      | Reached XP level 5. HP: 31/31 MP: 2/9
  2502 | D:3      | Found a glowing silver altar of Zin.
  2702 | D:4      | Found Jah Lae's Elemental Accessories.
  2898 | D:4      | Noticed a black bear
  2986 | D:4      | Noticed Eustachio
  3075 | D:3      | Learned a level 3 spell: Inner Flame
  3374 | D:4      | Killed a black bear
  3375 | D:4      | Reached XP level 6. HP: 37/37 MP: 4/11
  3384 | D:4      | Noticed a water moccasin
  3389 | D:4      | Killed a water moccasin
  4046 | D:5      | Entered Level 5 of the Dungeon
  4150 | D:5      | Reached skill level 2 in Conjurations
  4150 | D:5      | Reached XP level 7. HP: 42/42 MP: 8/12
  4203 | D:5      | Found Gotif's Firing Range.
  4921 | D:5      | Reached skill level 1 in Hexes
  5074 | D:5      | Reached skill level 5 in Stealth
  5074 | D:5      | Reached skill level 5 in Fire Magic
  5148 | D:5      | Reached skill level 1 in Fighting
  5425 | D:5      | Gained mutation: Your muscles are strong. (Str +4, Int/Dex
                  | -1) [potion of mutation]
  5425 | D:5      | Gained mutation: You sometimes lose your temper in combat.
                  | [potion of mutation]
  5425 | D:5      | Gained mutation: Your spells are a little harder to cast,
                  | but a little more powerful. [potion of mutation]
  5426 | D:5      | Lost mutation: Your spells are a little harder to cast, but
                  | a little more powerful. [potion of mutation]
  5426 | D:5      | Lost mutation: You sometimes lose your temper in combat.
                  | [potion of mutation]
  5426 | D:5      | Gained mutation: You passively map a small area around you.
                  | [potion of mutation]
  5426 | D:5      | Gained mutation: You are partially covered in iridescent
                  | scales. (AC +2) [potion of mutation]
  5428 | D:5      | Reached skill level 9 in Conjurations
  5428 | D:5      | Reached XP level 8. HP: 48/48 MP: 14/21
  5429 | D:5      | Reached skill level 5 in Dodging
  5429 | D:5      | Reached XP level 9. HP: 53/53 MP: 18/22
  5451 | D:6      | Reached skill level 12 in Conjurations
  5451 | D:6      | Reached XP level 10. HP: 58/58 MP: 23/23
  5564 | D:5      | Noticed a rust devil
  5564 | D:5      | Noticed a rust devil
  5863 | D:6      | Reached XP level 11. HP: 63/63 MP: 17/24
  6112 | D:6      | Found a shadowy altar of Dithmenos.
  6703 | D:7      | Found a flagged portal.
  6719 | D:7      | Learned a level 4 spell: Flame Wave
  6720 | Bailey   | Entered a bailey
  7092 | Bailey   | Noticed Grum
  7115 | Bailey   | Killed Grum
  8297 | D:7      | Noticed Dowan
  8305 | D:7      | Noticed Duvessa
  8312 | D:7      | Killed Duvessa
  8312 | D:7      | Killed Dowan
  8312 | D:7      | Killed Menkaure
  8562 | D:7      | Found a staircase to the Ecumenical Temple.
  8568 | Temple   | Entered the Ecumenical Temple
  8573 | Temple   | Became a worshipper of Sif Muna the Loreminder
  8959 | D:8      | Noticed Maurice
  8968 | D:8      | Killed Maurice
  9117 | D:7      | Identified the +1 leather armour "Hamaihiu" {Rampage Drain
                  | rF++ Str-2 Int+8}
  9218 | D:8      | Found Vekuat's General Store.
  9242 | D:8      | Noticed Psyche
  9248 | D:8      | Killed Psyche
  9355 | D:8      | Bought a scroll of blinking for 120 gold pieces
  9355 | D:8      | Bought a potion of curing for 48 gold pieces
  9374 | D:8      | Reached skill level 14 in Conjurations
  9374 | D:8      | Reached XP level 12. HP: 66/66 MP: 25/25
  9378 | D:8      | Noticed a two-headed ogre
  9385 | D:8      | Killed a two-headed ogre
  9394 | D:8      | Reached * piety under Sif Muna
  9400 | D:8      | Reached skill level 10 in Spellcasting
  9553 | D:8      | Learned a level 2 spell: Blink
  9670 | D:8      | Identified the ring "Moungelill" {Drain rElec rN+ Str+3
                  | SInv}
  9920 | D:8      | Found a staircase to the Lair.
  9935 | D:8      | Noticed Amaemon
 10148 | D:8      | Killed Amaemon
 10370 | D:9      | Found a shimmering altar of Xom.
 10593 | D:9      | Noticed a sun demon
 10703 | D:9      | Found a staircase to the Orcish Mines.
 10945 | D:9      | Reached ** piety under Sif Muna
 11422 | D:9      | Learned a level 4 spell: Iskenderun's Mystic Blast
 11429 | D:9      | Learned a level 6 spell: Starburst
 11560 | D:9      | Noticed a sun demon
 11732 | D:10     | Entered Level 10 of the Dungeon
 11735 | D:10     | Found an iron altar of Okawaru.
 11780 | D:10     | Reached skill level 1 in Invocations
 11801 | D:10     | Reached skill level 1 in Shields
 12041 | D:10     | Found a hide-covered altar of Uskayaw.
 12207 | D:10     | Reached XP level 13. HP: 73/73 MP: 12/27
 12374 | D:10     | Found a bloodstained altar of Trog.
 12827 | D:11     | Found a frozen archway.
 12844 | D:11     | Reached *** piety under Sif Muna
 13477 | Orc:1    | Entered Level 1 of the Orcish Mines
 13604 | Orc:1    | Noticed Gastronok
 13620 | Orc:1    | Killed Gastronok
 13720 | Orc:1    | Reached **** piety under Sif Muna
 13882 | Orc:1    | Noticed Erica
 13882 | Orc:1    | Paralysed by Erica for 4 turns
 13890 | Orc:1    | Killed Erica
 14538 | Orc:2    | Entered Level 2 of the Orcish Mines
 14694 | Orc:2    | Found a staircase to the Elven Halls.
 14888 | Orc:2    | Noticed Erolcha
 14901 | Orc:2    | Killed Erolcha
 14921 | Orc:2    | Reached ***** piety under Sif Muna
 14925 | Orc:2    | Paralysed by an ogre mage for 5 turns
 14927 | Orc:2    | Mangled by a two-headed ogre

Illustrated notes

Levels and vault maps discovered:
D:1:      psy_arrival_whirlpool, layout_basic
D:2:      minmay_alternating_diamond, layout_loops_ring, basic_altar
D:3:      layout_basic, general_overflow_altar, minmay_fractal_squares_5
D:4:      layout_basic, nicolae_elemental_shop, uniq_eustachio
D:5:      cheibrodos_iron_armory, layout_cave_pods, nicolae_shop_firing_range
D:6:      cheibrodos_steamvent, layout_loops_corners,
          mainiacjoe_overflow_tiny_flanked
D:7:      layout_loops_corners, temple_green, enter_bailey_3, uniq_duvessa,
          uniq_menkaure
D:8:      layout_cave_pools, david_lair_generic, serial_shops, shop,
          uniq_amaemon, uniq_psyche, uniq_maurice
D:9:      layout_loops_ring, mainiacjoe_overflow_alcove_4,
          minmay_orc_entry_temple_small
D:10:     layout_cave_pools, trog_ov_bears_minmay, kennysheep_mini_moat,
          mainiacjoe_overflow_brackets, serial_glass, glass_columns_a,
          glass_columns_a
D:11:     layout_loops_cross, portal_ice_cave_entry_ice_simulacra
D:12:     layout_cave_pools, nicolae_wu_jian_immortal_techniques, uniq_nessos
Temple:   compressed_dpeg_triangle_lava_temple
Orc:1:    minmay_goldmine, layout_caves, uniq_gastronok, uniq_erica
Orc:2:    st_orc_ogre_mass, layout_caves, uniq_erolcha

Skill      XL: |  1  2  3  4  5  6  7  8  9 10 11 12 13 |
---------------+----------------------------------------+-----
Stealth        | 3 4 5 |  5.4
Short Blades   | 1 2 |  2.6
Fire Magic     | 4 5 6 7 8 9 |  9.9
Spellcasting   | 3 9 10 11 | 11.5
Conjurations   | 2 9 12 14 | 14.8
Hexes          | 1 2 |  2.2
Fighting       | 1 |  1.3
Dodging        | 3 5 |  5.9
Translocations | 4 |  4.4
Air Magic      | 4 |  4.5
Invocations    | 1 4 |  4.7
Shields        | 1 4 |  4.3
Polearms       | |  0.8
Staves         | |  0.1

Action                   |  1- 3 |  4- 6 |  7- 9 | 10-12 | 13-15 || total
-------------------------+-------+-------+-------+-------+-------++-------
Melee: Short sword       |    40 |    35 |    19 |    18 |       ||   112
       Constrict         |     8 |     9 |     4 |    12 |       ||    33
       Tentacles         |     5 |    10 |     6 |    10 |     1 ||    32
       Lochaber axe      |       |       |       |     7 |       ||     7
       Staff             |       |       |       |    24 |     6 ||    30
 Cast: Foxfire           |    36 |    70 |    37 |   215 |   157 ||   515
       Scorch            |     1 |     8 |     7 |   101 |    42 ||   159
       Kindle Blastspark |       |     2 |       |     7 |       ||     9
       Inner Flame       |       |     1 |     1 |    34 |    18 ||    54
       Flame Wave        |       |       |       |    11 |    16 ||    27
       Blink             |       |       |       |     2 |     1 ||     3
       Starburst         |       |       |       |     1 |     5 ||     6
       Iskenderun's Myst |       |       |       |     1 |       ||     1
Invok: Channel Magic     |       |       |       |       |     2 ||     2
Evoke: Wand              |       |       |       |     1 |     1 ||     2
  Use: Scroll            |       |    10 |     2 |     8 |     6 ||    26
       Potion            |       |       |     8 |     7 |     5 ||    20
 Stab: Sleeping          |    10 |     7 |     2 |     5 |       ||    24
Armor: Skin              |     3 |     2 |       |     5 |     2 ||    12
Dodge: Dodged            |    25 |    30 |    16 |   101 |    35 ||   207
Block: Buckler           |       |       |       |     9 |    15 ||    24

Table legend: (Time is in decaauts)
 A = Elapsed time spent in this place.
 B = Non-inter-level travel time spent in this place.
 C = Inter-level travel time spent in this place.
 D = Time resting spent in this place.
 E = Time spent auto-exploring this place.
 F = Levels seen in this place.
 G = Mean time per level.
                   A        B        C        D        E       F      G
               +--------+--------+--------+--------+--------+-----+--------+
         Total |  14965 |  14706 |    259 |   1572 |   8647 |  16 |  935.3 |
       Dungeon |  12510 |  12252 |    258 |    820 |   7862 |  12 | 1042.5 |
        Temple |     10 |     10 |      0 |      0 |      0 |   1 |   10.0 |
  Orcish Mines |   1378 |   1378 |      0 |    373 |    552 |   2 |  689.0 |
        Bailey |   1066 |   1066 |      0 |    379 |    233 |   1 | 1066.0 |
               +--------+--------+--------+--------+--------+-----+--------+

Top non-repeatable levels by time:
     D:9: 1484 daAuts
     D:7: 1453 daAuts
     D:4: 1380 daAuts
     D:5: 1300 daAuts
   Orc:1: 1252 daAuts
     D:6: 1241 daAuts
     D:8: 1164 daAuts
     D:1: 1082 daAuts
    D:10: 1080 daAuts
  Bailey: 1066 daAuts
     D:3: 870 daAuts
     D:2: 804 daAuts
    D:11: 513 daAuts
    D:12: 133 daAuts
   Orc:2: 126 daAuts
